 Dungeon Crawl Stone Soup version 0.26.1-11-gd32895ea62 (webtiles) character file.

Game seed: 12972826474377425731

168 Jerry the Cudgeller (level 5, -2/41 HPs)
             Began as a Human Fighter on June 11, 2021.
             Killed by divine providence
             ... invoked by an orc priest
              (13 damage)
             ... on level 3 of the Dungeon.
             The game lasted 00:04:01 (3076 turns).

Jerry the Cudgeller (Human Fighter)                 Turns: 3076, Time: 00:04:02

Health: -2/41      AC:  9    Str: 17    XL:     5   Next: 77%
Magic:  5/5        EV:  9    Int:  8    God:
Gold:   89         SH:  0    Dex: 13    Spells: 4/4 levels left

rFire    . . .     SeeInvis .   a - +0 flail
rCold    . . .     Faith    .   (no shield)
rNeg     . . .     Spirit   .   b - +0 scale mail
rPois    .         Reflect  .   l - +2 hat
rElec    .         Harm     .   (no cloak)
rCorr    .         Rampage  .   (no gloves)
Will     .....                  (no boots)
Stlth    ..........             (no amulet)
HPRegen  0.13/turn              (no ring)
MPRegen  0.09/turn              (no ring)

@: no status effects
A: no striking features
a: no special abilities


You were on level 3 of the Dungeon.
You visited 1 branch of the dungeon, and saw 3 of its levels.

You collected 89 gold pieces.

Inventory:

Hand Weapons
 a - a +0 flail (weapon)
Missiles
 j - 43 bolts
Armour
 b - a +0 scale mail (worn)
 c - a +0 kite shield
 l - a +2 hat (worn)
Wands
 n - a wand of iceblast (6)
Scrolls
 f - 4 scrolls of identify {unknown}
 g - 4 scrolls of remove curse {unknown}
 h - a scroll of fear {unknown}
 i - 2 scrolls of enchant armour {unknown}
 k - 2 scrolls of teleportation {unknown}
 m - a scroll of immolation {unknown}
 p - a scroll of enchant weapon {unknown}
Potions
 d - a potion of might
 e - 3 potions of heal wounds {unknown}
 o - a potion of invisibility {unknown}


   Skills:
 + Level 3.6 Fighting
 * Level 4.3 Maces & Flails
 + Level 3.8 Armour
 + Level 0.6 Dodging
 + Level 0.1 Stealth
 - Level 3.0 Shields


You had 4 spell levels left.
You didn't know any spells.
Your spell library was empty.

Dungeon Overview and Level Annotations

Branches:
Dungeon (3/15)

Altars:


Message History

The orc priest hits you but does no damage.
You barely miss the orc priest.
The orc priest is heavily wounded.
The orc priest closely misses you.
The orc priest hits you but does no damage.
You hit the orc priest.
The orc priest is severely wounded.
The orc priest hits you but does no damage.
The orc priest hits you with a +0 whip.
* * * LOW HITPOINT WARNING * * *
You closely miss the orc priest.
The orc priest is severely wounded.
The orc priest misses you.
The orc priest hits you but does no damage.
The orc priest barely misses you.
You sock the orc priest!
You kill the orc priest!
The orc priest mumbles some strange prayers to Beogh against you.
Beogh smites you!
You die...

.. #. #.###
r..## ... #
#.#
...##.###.###
#.$..r[@o...#
#..##.###.#.##
..
#....######.
##
#..#........
##...#######
##........#
########.# ###
#.# #.# #.#
#.#


You could see an orc priest and a rat.

Vanquished Creatures
  An orc priest (D:3)
  Ijyb (D:2)
  A hound skeleton (D:3)
  3 gnolls
  4 adders (D:2)
  A worm (D:2)
  A dart slug (D:1)
  2 leopard geckos (D:3)
  An orc (D:3)
  3 bats (D:2)
  4 giant cockroaches
  12 goblins
  5 hobgoblins
  7 jackals
  A quokka (D:2)
  3 frilled lizards
  5 kobolds
  7 rats
62 creatures vanquished.

Vanquished Creatures (others)
  A goblin (D:2)
1 creature vanquished.

Grand Total: 63 creatures vanquished

Notes
Turn   | Place    | Note
-------+----------+-------------------------------------------
     0 | D:1      | Jerry the Human Fighter began the quest for the Orb.
     0 | D:1      | Reached XP level 1. HP: 18/18 MP: 1/1
   176 | D:1      | Reached XP level 2. HP: 14/24 MP: 2/2
   737 | D:1      | Reached XP level 3. HP: 29/29 MP: 3/3
   991 | D:2      | Reached skill level 3 in Maces & Flails
  1439 | D:2      | Reached XP level 4. HP: 23/35 MP: 4/4
  2215 | D:2      | Noticed Ijyb
  2505 | D:2      | Killed Ijyb
  2506 | D:2      | Reached XP level 5. HP: 40/41 MP: 5/5
  2681 | D:2      | Reached skill level 4 in Maces & Flails
  3076 | D:3      | Killed from afar by an orc priest

Illustrated notes

Levels and vault maps discovered:
D:1:      erik_arrival_orb_chamber, layout_rooms
D:2:      kennysheep_the_goblin_king, layout_basic, grunt_ministairs_14
D:3:      layout_loops_ring, grunt_temple_overflow_open, grunt_ministairs_6

Skill      XL: |  1  2  3  4  5 |
---------------+----------------+-----
Maces & Flails | 3 4 |  4.3
Fighting       | |  3.6
Armour         | |  3.8
Dodging        | |  0.6
Stealth        | |  0.1
Shields        | |  3.0

Action                   |  1- 3 |  4- 6 || total
-------------------------+-------+-------++-------
Melee: Flail             |   108 |   133 ||   241
Armor: Scale mail        |    68 |    84 ||   152
Dodge: Dodged            |    65 |    67 ||   132
